[Event "December 19 Early 2023"]
[Site "https://www.chess.com"]
[Date "2023.12.19"]
[Round "2"]
[White "Sharapov, Evgeny"]
[Black "Volovich, Vasily"]
[Result "1/2-1/2"]
[Board "83"]
[TimeControl "180+1"]
[WhiteFideId "14103133"]
[BlackFideId "34169676"]
[WhiteElo "2358"]
[BlackElo "2313"]
[WhiteTeam "UKR"]
[BlackTeam "RUS"]
[WhiteClock "0:00:35"]
[BlackClock "0:00:04"]

1. e4 e6 2. d4 d5 3. Nc3 Bb4 4. e5 Ne7 5. a3 Bxc3+ 6. bxc3 c5 7. Nf3 b6 8. a4 Ba6 9. Bxa6 Nxa6 10. Qe2 Nb8 11. dxc5 bxc5 12. O-O O-O 13. c4 Nbc6 14. cxd5 Qxd5 15. Rd1 Nd4 16. Nxd4 cxd4 17. Ba3 Rfe8 18. Bxe7 Rxe7 19. c3 Qb3 20. cxd4 Rd8 21. Qe3 Qb4 22. Qa3 Rb7 23. h3 Qxa3 24. Rxa3 Rb4 25. Rad3 Rd5 26. Rc1 g6 27. Rc8+ Kg7 28. Rc7 Rdxd4 29. Rf3 Rf4 30. Rxf4 Rxf4 31. Rxa7 Re4 32. Ra5 Re1+ 33. Kh2 Ra1 34. f4 Ra3 35. Ra7 h6 36. h4 g5 37. fxg5 hxg5 38. h5 Re3 39. h6+ Kxh6 40. Rxf7 Rxe5 41. Rf1 Kg6 42. Ra1 Ra5 43. Kg3 Kf5 44. Kf3 e5 45. g4+ Ke6 46. Ke4 Kf6 47. Kd3 Ke6 48. Kc4 e4 49. Kd4 Re5 50. a5 e3 51. a6 e2 52. a7 Ra5 53. Rxa5 e1=Q 54. a8=Q Qb4+ 55. Ke3 Qc3+ 56. Kf2 Qd2+ 57. Kg3 Qe1+ 58. Kg2 Qd2+ 59. Kh1 Qe1+ 60. Kh2 Qd2+ 61. Kg3 Qc3+ 62. Kf2 Qd2+ 63. Kf3 Qd3+ 64. Kf2 Qd2+ 1/2-1/2

[Event "December 19 Early 2023"]
[Site "https://www.chess.com"]
[Date "2023.12.19"]
[Round "2"]
[White "Starozhilov, Leonid"]
[Black "Urquhart, Ed"]
[Result "1-0"]
[Board "84"]
[TimeControl "180+1"]
[WhiteFideId "14106752"]
[BlackFideId "2603748"]
[WhiteElo "2246"]
[BlackElo "2184"]
[WhiteTeam "UKR"]
[BlackTeam "CAN"]
[WhiteClock "0:00:06"]
[BlackClock "0:00:06"]

1. e4 c5 2. Nf3 e6 3. c4 Nc6 4. d4 cxd4 5. Nxd4 a6 6. Nc3 Nf6 7. Nxc6 bxc6 8. e5 Ng8 9. Bd3 Ne7 10. O-O Nf5 11. Qf3 Nh4 12. Qg3 Nf5 13. Bxf5 exf5 14. Bg5 Qc7 15. Rad1 Bc5 16. Rfe1 h6 17. Bf6 Rg8 18. e6 d6 19. exf7+ Kxf7 20. Re7+ Qxe7 21. Bxe7 Kxe7 22. Na4 f4 23. Qxf4 Rf8 24. Re1+ Be6 25. Qh4+ g5 26. Rxe6+ Kxe6 27. Qxh6+ Rf6 28. Qh3+ Kf7 29. Nxc5 dxc5 30. Qh7+ Ke6 31. Qc7 Raf8 32. f3 Kf5 33. h3 Kg6 34. Kh2 R8f7 35. Qb6 Rd7 36. Qxa6 Rd2 37. Kg3 Rxb2 38. Qa8 Re6 39. Qg8+ Kf5 40. Qh7+ Rg6 41. Qd7+ Re6 42. a4 Ra2 43. a5 Kf6 44. Qd8+ Kg6 45. Qg8+ Kf6 46. Qh8+ Kg6 47. Qc8 Ree2 48. Qg8+ Kh6 49. Qh8+ Kg6 50. Qg8+ Kh6 51. Kg4 Rxg2+ 52. Kf5 Kh5 53. Qh7# 1-0

[Event "December 19 Early 2023"]
[Site "https://www.chess.com"]
[Date "2023.12.19"]
[Round "2"]
[White "Santos Flores, Alberto"]
[Black "Pakleza, Zbigniew"]
[Result "0-1"]
[Board "85"]
[TimeControl "180+1"]
[WhiteFideId "3601234"]
[BlackFideId "1119290"]
[WhiteElo "2229"]
[BlackElo "2410"]
[WhiteTeam "ECU"]
[BlackTeam "POL"]
[WhiteClock "0:00:00"]
[BlackClock "0:00:29"]

1. e4 d6 2. d4 Nf6 3. Nc3 c6 4. Nf3 Bg4 5. Be2 e6 6. h3 Bh5 7. Be3 d5 8. e5 Nfd7 9. Nb1 c5 10. c3 Nc6 11. Nbd2 Qb6 12. Qb3 Be7 13. O-O O-O 14. g4 Bg6 15. Qxb6 Nxb6 16. Bb5 cxd4 17. cxd4 Rfc8 18. Rfc1 Nb4 19. Ne1 a6 20. Be2 Na4 21. a3 Nc6 22. Bd3 Nxb2 23. Bxg6 hxg6 24. Rcb1 Nc4 25. Nxc4 dxc4 26. Rxb7 Rab8 27. Rbb1 Rxb1 28. Rxb1 Bxa3 29. Nc2 Bf8 30. Bd2 c3 31. Bxc3 Ne7 0-1

[Event "December 19 Early 2023"]
[Site "https://www.chess.com"]
[Date "2023.12.19"]
[Round "2"]
[White "Srihari L R"]
[Black "Baziuk, Vladyslav"]
[Result "1-0"]
[Board "86"]
[TimeControl "180+1"]
[WhiteFideId "46617116"]
[BlackFideId "34107940"]
[WhiteElo "2338"]
[BlackElo "2019"]
[WhiteTeam "IND"]
[BlackTeam "UKR"]
[WhiteClock "0:00:08"]
[BlackClock "0:00:10"]

1. Nf3 c5 2. c4 Nc6 3. Nc3 g6 4. e3 Nf6 5. d4 cxd4 6. exd4 d5 7. cxd5 Nxd5 8. Qb3 Nxc3 9. Bc4 Nd5 10. Bxd5 e6 11. Bxc6+ bxc6 12. O-O Qd5 13. Qe3 f6 14. Nd2 Be7 15. Ne4 O-O 16. Bd2 Rb8 17. b3 Bb7 18. Rfe1 Rfd8 19. Bb4 Kf7 20. Bxe7 Kxe7 21. Qh6 Rf8 22. Qxh7+ Rf7 23. Qxg6 Rh8 24. Nc5 Bc8 25. Qg3 Kf8 26. Qe3 Rg7 27. f3 Qh5 28. Qf4 Qg6 29. Re2 Kg8 30. Rae1 Rh5 31. Rd2 Rg5 32. g3 Rf5 33. Qb8 Rxf3 34. Qxc8+ Kh7 35. Rg2 e5 36. Ne6 Re7 37. Nf8+ 1-0

[Event "December 19 Early 2023"]
[Site "https://www.chess.com"]
[Date "2023.12.19"]
[Round "2"]
[White "Zimmermann, Ulrich"]
[Black "Maurizzi, Marc`Andria"]
[Result "1/2-1/2"]
[Board "87"]
[TimeControl "180+1"]
[WhiteFideId "24654523"]
[BlackFideId "36083534"]
[WhiteElo "2223"]
[BlackElo "2417"]
[WhiteTeam "GER"]
[BlackTeam "FRA"]
[WhiteClock "0:00:16"]
[BlackClock "0:00:08"]

1. Nf3 Nf6 2. g3 g6 3. Bg2 Bg7 4. O-O O-O 5. d3 d5 6. a3 a5 7. Nc3 Nc6 8. Rb1 e5 9. b4 axb4 10. axb4 d4 11. Nb5 Re8 12. e3 dxe3 13. Bxe3 Nd5 14. Bd2 Bf5 15. Re1 Qd7 16. Nh4 Bg4 17. Bf3 Bxf3 18. Nxf3 h6 19. Nc3 Ndxb4 20. Ne4 Qe7 21. Qc1 f5 22. Nc3 Kh7 23. d4 e4 24. d5 Bxc3 25. dxc6 Bxd2 26. Qxd2 Nxc6 27. Rxb7 Rab8 28. Rxb8 Rxb8 29. Qc3 Qd6 30. Nh4 Nd4 31. Kg2 c5 32. Ra1 Rb7 33. Qc4 g5 34. Nxf5 Nxf5 35. Qxe4 Rf7 36. Ra5 Qg6 37. f3 c4 38. Rc5 Ng7 39. Qxg6+ Kxg6 40. Rxc4 Rd7 41. Rc6+ Kh7 42. h4 Rd2+ 43. Kh3 gxh4 44. Kxh4 Rf2 45. f4 Rg2 46. Kg4 h5+ 47. Kf3 Rg1 48. c4 Nf5 49. Rc5 Nxg3 50. Rg5 h4 51. Rg4 Rh1 52. Kg2 Kh6 53. Rxg3 Rc1 54. Rh3 Kh5 55. Re3 Kg4 56. Re2 Rxc4 57. Kh2 Rxf4 58. Rg2+ Kh5 59. Ra2 Kg5 60. Rb2 Kg4 61. Ra2 h3 62. Rb2 Kh4 63. Ra2 Rf5 64. Rb2 Rg5 65. Ra2 Rg4 66. Rb2 Rg5 67. Ra2 Rg4 68. Rb2 Rg5 1/2-1/2

[Event "December 19 Early 2023"]
[Site "https://www.chess.com"]
[Date "2023.12.19"]
[Round "2"]
[White "Dinu, Dumitru-Daniel"]
[Black "Leiva, Gianmarco"]
[Result "1/2-1/2"]
[Board "88"]
[TimeControl "180+1"]
[WhiteFideId "1208403"]
[BlackFideId "3804399"]
[WhiteElo "2240"]
[BlackElo "2338"]
[WhiteTeam "ROU"]
[BlackTeam "PER"]
[WhiteClock "0:00:03"]
[BlackClock "0:00:10"]

1. e4 c5 2. Nf3 d6 3. Bb5+ Nd7 4. d4 cxd4 5. Qxd4 a6 6. Bxd7+ Bxd7 7. O-O Rc8 8. Nc3 e5 9. Qd3 h6 10. a4 Nf6 11. Rd1 Be7 12. Nd2 Qc7 13. Nf1 Be6 14. Ne3 Qc5 15. Bd2 O-O 16. b4 Qd4 17. Be1 Qxd3 18. cxd3 Rc7 19. Rdc1 Rfc8 20. Bd2 Kf8 21. Kf1 h5 22. Ke1 h4 23. h3 Bd7 24. b5 Rc5 25. bxa6 bxa6 26. Rab1 Bd8 27. Nc4 Ke7 28. Be3 Rxc4 29. dxc4 Rxc4 30. Nd5+ Nxd5 31. Rxc4 Nxe3 32. fxe3 a5 33. Rb7 Ke6 34. Ke2 g6 35. Kd3 f5 36. exf5+ gxf5 37. Kc2 Bg5 38. Ra7 Bxe3 39. Rxa5 f4 40. Kd3 d5 41. Rb4 e4+ 42. Ke2 Ke5 43. Rbb5 Bxb5+ 44. Rxb5 Kd4 45. a5 Kc4 46. Rb7 Bc5 47. a6 d4 48. a7 d3+ 49. Kd1 Bxa7 50. Rxa7 Kd4 51. Re7 Ke3 52. Rf7 f3 53. gxf3 exf3 54. Ra7 Kf2 55. Rf7 Kg2 56. Ke1 d2+ 57. Kxd2 Kxh3 58. Rxf3+ Kg2 59. Rf8 h3 60. Ke2 h2 61. Rg8+ Kh1 62. Rh8 Kg2 63. Rg8+ Kh1 64. Rh8 Kg2 65. Rxh2+ Kxh2 1/2-1/2

[Event "December 19 Early 2023"]
[Site "https://www.chess.com"]
[Date "2023.12.19"]
[Round "2"]
[White "Harshavardhan G B"]
[Black "Herman, Matthew"]
[Result "0-1"]
[Board "89"]
[TimeControl "180+1"]
[WhiteFideId "25059009"]
[BlackFideId "2028964"]
[WhiteElo "2290"]
[BlackElo "2368"]
[WhiteTeam "IND"]
[BlackTeam "USA"]
[WhiteClock "0:00:05"]
[BlackClock "0:00:07"]

1. d4 Nf6 2. c4 g6 3. Nc3 Bg7 4. e4 d6 5. Nf3 O-O 6. Be2 Nbd7 7. Nd2 e5 8. d5 Nh5 9. Bxh5 gxh5 10. Qxh5 Nc5 11. Qe2 f5 12. f3 Qh4+ 13. g3 Qh5 14. b4 fxe4 15. bxc5 exf3 16. Qf2 e4 17. Ndxe4 Bxc3+ 18. Nxc3 Qe5+ 19. Kd2 dxc5 20. Re1 Qg5+ 21. Kd1 Qg6 22. Ne4 Bf5 23. Nxc5 b6 24. Nb3 Bd3 25. Nd4 Bxc4 26. Re3 Bxd5 27. Bb2 c5 28. Nb3 Rad8 29. Ke1 Bc4 30. Rc1 Ba6 31. Nd2 Rfe8 32. Qxf3 Rxe3+ 33. Qxe3 Re8 34. Kf2 Rxe3 35. Kxe3 Qg5+ 36. Kf3 Qxd2 0-1

[Event "December 19 Early 2023"]
[Site "https://www.chess.com"]
[Date "2023.12.19"]
[Round "2"]
[White "Liyanage, Ranindu Dilshan"]
[Black "Senft, Sean"]
[Result "1-0"]
[Board "90"]
[TimeControl "180+1"]
[WhiteFideId "9915834"]
[BlackFideId "2044960"]
[WhiteElo "2198"]
[BlackElo "2005"]
[WhiteTeam "SRI"]
[BlackTeam "USA"]
[WhiteClock "0:00:29"]
[BlackClock "0:01:06"]

1. Nf3 d5 2. c4 c6 3. e3 Nf6 4. Nc3 a6 5. b3 Bf5 6. Bb2 e6 7. Nh4 Be4 8. Nxe4 Nxe4 9. Nf3 Nd7 10. Be2 Bd6 11. O-O O-O 12. Qc2 Ng5 13. Nxg5 Qxg5 14. f4 Qg6 15. Bd3 f5 16. Rf3 Nf6 17. Rg3 Qf7 18. Be2 Be7 19. Rf1 g6 20. Qc3 Rfe8 21. Rh3 Bf8 22. Qxf6 Qxf6 23. Bxf6 Bg7 24. Bxg7 Kxg7 25. cxd5 exd5 26. g4 fxg4 27. Bxg4 d4 28. f5 dxe3 29. Rxe3 Rxe3 30. dxe3 Re8 31. f6+ Kf8 32. Rd1 Rxe3 33. Rd7 Re4 34. Bh3 Rf4 35. Rxh7 b5 36. f7 Rxf7 37. Rxf7+ Kxf7 38. Bc8 a5 39. Bd7 b4 40. Bxc6 Ke7 41. Kf2 Kd6 42. Be4 g5 43. Ke3 Ke5 44. Bc2 g4 45. Bd1 Kf5 46. Kf2 Kf4 47. Be2 Ke5 48. Bxg4 Kd4 49. Be6 Kc3 50. h4 Kb2 51. h5 Kxa2 52. h6 a4 53. bxa4+ b3 54. Bxb3+ 1-0

[Event "December 19 Early 2023"]
[Site "https://www.chess.com"]
[Date "2023.12.19"]
[Round "2"]
[White "Chojnacki, Slawomir"]
[Black "Krysa, Leandro"]
[Result "1-0"]
[Board "91"]
[TimeControl "180+1"]
[WhiteFideId "1117076"]
[BlackFideId "116807"]
[WhiteElo "2129"]
[BlackElo "2495"]
[WhiteTeam "POL"]
[BlackTeam "ARG"]
[WhiteClock "0:01:10"]
[BlackClock "0:00:01"]

1. d4 Nf6 2. Bf4 g6 3. e3 Bg7 4. c3 O-O 5. Nd2 d6 6. Ngf3 Nc6 7. Bc4 Nd7 8. Bg5 Qe8 9. O-O h6 10. Bh4 e5 11. dxe5 dxe5 12. h3 a5 13. a3 Kh7 14. Qc2 f5 15. Bg3 e4 16. Nd4 Nde5 17. Nxc6 Qxc6 18. Bxe5 Bxe5 19. Ba2 a4 20. Rad1 Be6 21. Bxe6 Qxe6 22. Rfe1 h5 23. Nf1 b5 24. Rd2 Rfd8 25. Red1 Rxd2 26. Qxd2 Bd6 27. Ng3 Rd8 28. Qe2 h4 29. Nf1 Qc4 30. Qxc4 bxc4 31. Rd2 Kg7 32. g3 hxg3 33. fxg3 Kf6 34. Kg2 Ke6 35. g4 Rh8 36. Rd4 Rh4 37. gxf5+ gxf5 38. Rxc4 f4 39. exf4 Rxf4 40. Rxa4 Bc5 41. Ng3 Rf2+ 42. Kh1 e3 43. Ne4 Rf1+ 44. Kg2 e2 45. Nxc5+ Kf6 46. Re4 e1=Q 47. Rxe1 Rxe1 48. Nd3 Re2+ 49. Kf3 Rd2 50. Ke3 Rh2 51. Kd4 Rxh3 52. b4 Ke7 53. a4 Kd8 54. Kc4 Kc8 55. a5 Kb7 56. Nc5+ Kb8 57. Nb3 Kb7 58. Nd4 Rh4 59. b5 Rh5 60. Kb4 Ka7 61. c4 Kb7 62. Nb3 Rh4 63. a6+ Ka7 64. Na5 Rg4 65. Nc6+ Kb6 66. Ne7 c5+ 67. Kb3 Rg1 68. Nd5+ Ka7 69. Ne7 Rb1+ 70. Kc2 Rb4 71. Nc6+ Kb6 72. Nxb4 cxb4 73. Kb3 1-0

[Event "December 19 Early 2023"]
[Site "https://www.chess.com"]
[Date "2023.12.19"]
[Round "2"]
[White "Koellner, Ruben Gideon"]
[Black "Smolka, Marcin"]
[Result "0-1"]
[Board "92"]
[TimeControl "180+1"]
[WhiteFideId "12993093"]
[BlackFideId "1139681"]
[WhiteElo "2347"]
[BlackElo "2117"]
[WhiteTeam "GER"]
[BlackTeam "POL"]
[WhiteClock "0:00:00"]
[BlackClock "0:00:25"]

1. d4 d5 2. Nf3 Nf6 3. Nbd2 e6 4. e3 a6 5. Bd3 Bd6 6. O-O c5 7. c3 O-O 8. dxc5 Bxc5 9. b4 Ba7 10. Bb2 Nc6 11. a3 e5 12. e4 d4 13. cxd4 Nxd4 14. Nxe5 Qc7 15. Nef3 Rd8 16. Nxd4 Bxd4 17. Bxd4 Rxd4 18. Nf3 Bg4 19. e5 Bxf3 20. Qxf3 Qxe5 21. Qxb7 Rad8 22. Bxa6 Rh4 23. g3 Re4 24. Rad1 Rb8 25. Qc6 Re8 26. Bb7 Qh5 27. Qc5 R4e5 28. Qc6 Re4 29. Qxe4 Nxe4 30. Bxe4 g5 31. Bg2 g4 32. a4 Re6 33. b5 Rh6 34. Rd8+ Kg7 35. Rfd1 Qxh2+ 36. Kf1 Qh5 37. R8d5 Qg6 38. Rd6 Qc2 39. R6d2 Qc4+ 40. Kg1 Qxa4 41. Bc6 Qb4 42. Rd4 Qb3 43. Rxg4+ Rg6 44. Rxg6+ hxg6 45. Re1 Kf6 46. Re3 Qb1+ 47. Kg2 Kg5 48. Re5+ f5 49. Re3 Kf6 50. Rc3 Qb4 51. Rd3 Ke5 52. Rd5+ Ke6 53. Rd8 g5 54. Rd3 f4 55. gxf4 gxf4 56. Bd5+ Ke5 57. Rb3 Qd4 58. Bc6 Qb6 59. Kf3 Kf5 60. Rd3 Ke5 61. Rd5+ Ke6 62. Rd2 Ke5 63. Rd5+ Ke6 64. Rh5 Qd4 65. Rh2 Ke5 66. Rh5+ Ke6 67. Rh6+ Ke5 68. Rh7 Qd3+ 69. Kg2 Qxh7 70. b6 Qg6+ 71. Kf3 Qxc6+ 72. Kg4 Qxb6 0-1

[Event "December 19 Early 2023"]
[Site "https://www.chess.com"]
[Date "2023.12.19"]
[Round "2"]
[White "Yaran, Siar"]
[Black "Shishkov, Andrei"]
[Result "1-0"]
[Board "93"]
[TimeControl "180+1"]
[WhiteFideId "6323006"]
[BlackFideId "4500563"]
[WhiteElo "2191"]
[BlackElo "2241"]
[WhiteTeam "TUR"]
[BlackTeam "EST"]
[WhiteClock "0:00:04"]
[BlackClock "0:00:00"]

1. Nf3 Nf6 2. c4 e6 3. g3 d5 4. Bg2 dxc4 5. O-O a6 6. a4 c5 7. Na3 b6 8. Nxc4 Bb7 9. d4 Nbd7 10. Be3 Nd5 11. Bg5 f6 12. e4 fxg5 13. exd5 Bxd5 14. Ne3 Be7 15. Nxd5 exd5 16. dxc5 Nxc5 17. Ne5 Qd6 18. Re1 Ne4 19. Nc4 dxc4 20. Qxd6 Bxd6 21. Bxe4 O-O-O 22. Rec1 Bc5 23. Rxc4 a5 24. Rac1 Kb8 25. Rxc5 bxc5 26. Rxc5 Rd4 27. Rb5+ Kc7 28. f3 g4 29. Rxa5 gxf3 30. Bxf3 Rd2 31. Ra7+ Kd6 32. Bg4 Rxb2 33. Rxg7 h5 34. Bf3 Rc8 35. Rg6+ Ke5 36. Rg5+ Kd4 37. Rd5+ Ke3 38. Bg2 Rc1+ 39. Bf1 Rbb1 40. Rf5 Ra1 41. Kg2 1-0

[Event "December 19 Early 2023"]
[Site "https://www.chess.com"]
[Date "2023.12.19"]
[Round "2"]
[White "Kashtanov, Ruslan"]
[Black "Maatman, Nick"]
[Result "0-1"]
[Board "94"]
[TimeControl "180+1"]
[WhiteFideId "4124871"]
[BlackFideId "1040391"]
[WhiteElo "2263"]
[BlackElo "2706"]
[WhiteTeam "RUS"]
[BlackTeam "NED"]
[WhiteClock "0:00:04"]
[BlackClock "0:00:40"]

1. e4 c5 2. Nf3 d6 3. d4 cxd4 4. Nxd4 Nf6 5. Nc3 a6 6. Be2 e6 7. Be3 Be7 8. g4 Qc7 9. g5 Nfd7 10. h4 b5 11. a3 Bb7 12. h5 Nc6 13. Qd2 Nce5 14. O-O-O Nc4 15. Bxc4 Qxc4 16. g6 b4 17. gxf7+ Kxf7 18. axb4 Qxb4 19. Bg5 Nf6 20. Rh4 Rab8 21. e5 dxe5 22. Nc6 Bxc6 23. Rxb4 Rxb4 24. h6 Rhb8 25. hxg7 Rxb2 26. Qe3 Ng4 27. Qa7 R2b7 28. Qxa6 Bxg5+ 29. f4 Bxf4+ 30. Rd2 0-1

[Event "December 19 Early 2023"]
[Site "https://www.chess.com"]
[Date "2023.12.19"]
[Round "2"]
[White "Bazilius, Augustinas"]
[Black "Adla, Diego"]
[Result "0-1"]
[Board "95"]
[TimeControl "180+1"]
[WhiteFideId "12832251"]
[BlackFideId "100072"]
[WhiteElo "2082"]
[BlackElo "2377"]
[WhiteTeam "LTU"]
[BlackTeam "ARG"]
[WhiteClock "0:00:00"]
[BlackClock "0:00:27"]

1. d4 Nf6 2. Bg5 g6 3. Bxf6 exf6 4. e3 Bg7 5. c4 O-O 6. Ne2 c5 7. Nbc3 cxd4 8. Nxd4 Nc6 9. Nb3 f5 10. Be2 Bxc3+ 11. bxc3 d6 12. Qd2 Be6 13. Rd1 Qf6 14. Nd4 Rac8 15. O-O Rfd8 16. Nxe6 Qxe6 17. Bf3 Qxc4 18. Bd5 Qc5 19. Qb2 Rc7 20. Rfe1 Ne7 21. Bb3 Qxc3 22. Qa3 Qc5 23. Qa4 b5 24. Qh4 Kg7 25. e4 Qb4 26. Kf1 Rdd7 27. Qg3 a5 28. exf5 Nxf5 29. Qf3 a4 30. Bd5 Rc3 31. Qe2 Qc5 32. Be4 Re7 33. Qg4 h5 34. Qh3 Re5 35. Qh4 Nxh4 0-1

[Event "December 19 Early 2023"]
[Site "https://www.chess.com"]
[Date "2023.12.19"]
[Round "2"]
[White "Bardyk, Artem"]
[Black "Liu, Casper"]
[Result "1-0"]
[Board "96"]
[TimeControl "180+1"]
[WhiteFideId "34349979"]
[BlackFideId "1454153"]
[WhiteElo "2300"]
[BlackElo "2221"]
[WhiteTeam "RUS"]
[BlackTeam "DEN"]
[WhiteClock "0:00:42"]
[BlackClock "0:00:00"]

1. e4 c6 2. Nf3 d5 3. exd5 cxd5 4. Ne5 Nf6 5. d4 g6 6. c3 Bg7 7. Bd3 O-O 8. O-O Nc6 9. Bf4 Bf5 10. Re1 e6 11. Bf1 Nxe5 12. Bxe5 Bxb1 13. Rxb1 Ne4 14. Bf4 a6 15. Bd3 Nd6 16. a4 Qd7 17. Qb3 Rfc8 18. h4 h5 19. Re3 Nc4 20. Rg3 b5 21. axb5 axb5 22. Re1 Ra7 23. Qc2 b4 24. Qe2 Ra2 25. cxb4 Rxb2 26. Qf3 Rxb4 27. Bxg6 fxg6 28. Rxg6 Qf7 29. Rexe6 Rb7 30. Qg3 Re8 31. Rxg7+ Qxg7 32. Rxe8+ Kf7 33. Qxg7+ Kxg7 34. Rd8 Rb1+ 35. Kh2 Nb6 36. Rb8 Rb2 37. Bc1 Rb1 38. Ba3 1-0

[Event "December 19 Early 2023"]
[Site "https://www.chess.com"]
[Date "2023.12.19"]
[Round "2"]
[White "Uritsky, Yonathan"]
[Black "Hua, Lefong"]
[Result "0-1"]
[Board "97"]
[TimeControl "180+1"]
[WhiteFideId "2825651"]
[BlackFideId "2602253"]
[WhiteElo "2168"]
[BlackElo "2693"]
[WhiteTeam "ISR"]
[BlackTeam "CAN"]
[WhiteClock "0:00:08"]
[BlackClock "0:01:17"]

1. Nf3 Nf6 2. g3 g6 3. Bg2 Bg7 4. O-O O-O 5. c4 c5 6. Nc3 Nc6 7. d4 d6 8. d5 Na5 9. Nd2 a6 10. Rb1 e6 11. a3 exd5 12. cxd5 b5 13. b4 cxb4 14. axb4 Nc4 15. Nxc4 bxc4 16. e4 Nd7 17. Bd2 Ne5 18. Qc2 Rb8 19. Ne2 Bd7 20. Bc3 Bb5 21. Nd4 Qb6 22. Kh1 Nd3 23. Nxb5 axb5 24. Bxg7 Kxg7 25. Bf3 Rfe8 26. Kg2 Qd4 27. Ra1 Nxb4 28. Qe2 Nd3 29. Rfd1 Qe5 30. Qe3 Nc5 31. Ra7 Re7 32. Rda1 Rbe8 33. R7a5 Nb3 0-1

[Event "December 19 Early 2023"]
[Site "https://www.chess.com"]
[Date "2023.12.19"]
[Round "2"]
[White "Arabidze, Meri"]
[Black "Zeneli, Klendi"]
[Result "1-0"]
[Board "98"]
[TimeControl "180+1"]
[WhiteFideId "13604040"]
[BlackFideId "4706609"]
[WhiteElo "2416"]
[BlackElo "1974"]
[WhiteTeam "GEO"]
[BlackTeam "ALB"]
[WhiteClock "0:02:09"]
[BlackClock "0:01:26"]

1. Nf3 d5 2. c4 e6 3. g3 Nf6 4. Bg2 Be7 5. O-O O-O 6. b3 b6 7. Bb2 Bb7 8. e3 Nbd7 9. Nc3 c5 10. Qe2 Ne4 11. Rfd1 Bf6 12. Rac1 Ne5 13. Nxe5 Bxe5 14. d4 Nxc3 15. Bxc3 cxd4 16. Bxd4 Bxd4 17. Rxd4 Qc7 18. Rcd1 e5 19. R4d2 dxc4 20. Rd7 1-0

[Event "December 19 Early 2023"]
[Site "https://www.chess.com"]
[Date "2023.12.19"]
[Round "2"]
[White "Gutierrez Olivares, Daniel"]
[Black "JonaszBaum"]
[Result "0-1"]
[Board "99"]
[TimeControl "180+1"]
[WhiteFideId "2264005"]
[WhiteElo "2317"]
[BlackElo "2686"]
[WhiteTeam "ESP"]
[WhiteClock "0:00:00"]
[BlackClock "0:00:11"]

1. Nf3 c5 2. g3 Nc6 3. Bg2 e5 4. c4 d6 5. Nc3 g6 6. O-O Bg7 7. b3 Nge7 8. Bb2 h6 9. e3 f5 10. d3 O-O 11. a3 g5 12. Qc2 Ng6 13. Rad1 g4 14. Nd2 h5 15. Na2 h4 16. b4 Kh7 17. b5 Nce7 18. f4 Be6 19. Nc3 Rb8 20. Nd5 h3 21. Bh1 b6 22. a4 Bg8 23. Rde1 Nxd5 24. cxd5 Ne7 25. e4 exf4 26. Rxf4 Bxb2 27. Qxb2 Ng6 28. Rxf5 Rxf5 29. exf5 Ne5 30. Be4 Qf6 31. Qc2 Re8 32. Rf1 Bf7 33. Rf4 Kg7 34. Nf1 c4 35. dxc4 Rc8 36. Ne3 Nxc4 37. Rxg4+ Kf8 38. Nxc4 Qd4+ 39. Qf2 Qxc4 40. f6 Qc1+ 41. Qf1 Qe3+ 42. Kh1 Rc1 43. Bd3 Bxd5+ 0-1

[Event "December 19 Early 2023"]
[Site "https://www.chess.com"]
[Date "2023.12.19"]
[Round "2"]
[White "Agibileg, Uurtsaikh"]
[Black "Nilsson, Joakim"]
[Result "1-0"]
[Board "100"]
[TimeControl "180+1"]
[WhiteFideId "4901606"]
[BlackFideId "1723383"]
[WhiteElo "2288"]
[BlackElo "2143"]
[WhiteTeam "MGL"]
[BlackTeam "SWE"]
[WhiteClock "0:01:01"]
[BlackClock "0:00:53"]

1. d4 Nf6 2. c4 e6 3. Nc3 d5 4. cxd5 exd5 5. Bg5 c6 6. e3 Be7 7. Bd3 Nbd7 8. Nge2 h6 9. Bf4 Nb6 10. Qc2 Be6 11. h3 Bd6 12. O-O O-O 13. Rab1 a5 14. Qb3 a4 15. Qc2 Re8 16. Rfe1 Bb4 17. Bh2 Qd7 18. f3 Bxh3 19. gxh3 Rxe3 20. Bf5 Qe7 21. Bf4 Rxf3 22. Kg2 Rxf4 23. Nxf4 Qd6 24. Nd3 Ne4 25. Bxe4 dxe4 26. Nxb4 Qxb4 27. Rxe4 Rd8 28. Rbe1 Qf8 29. Qe2 1-0

[Event "December 19 Early 2023"]
[Site "https://www.chess.com"]
[Date "2023.12.19"]
[Round "2"]
[White "Balla, Tamas-Kristof"]
[Black "Cieslak, Patryk"]
[Result "0-1"]
[Board "101"]
[TimeControl "180+1"]
[WhiteFideId "1208497"]
[BlackFideId "21078882"]
[WhiteElo "2306"]
[BlackElo "2149"]
[WhiteTeam "ROU"]
[BlackTeam "POL"]
[WhiteClock "0:00:11"]
[BlackClock "0:00:12"]

1. e4 e6 2. d4 d5 3. Nd2 c5 4. exd5 Qxd5 5. Ngf3 cxd4 6. Bc4 Qd6 7. O-O Nc6 8. Nb3 Nf6 9. Nbxd4 Nxd4 10. Nxd4 a6 11. Re1 Qc7 12. Bb3 Be7 13. Qf3 O-O 14. c3 Bd7 15. Bg5 Qc5 16. Bh4 b5 17. Rad1 Kh8 18. Bc2 Rad8 19. Qd3 Qh5 20. Bg3 Qg6 21. Qf3 Qh5 22. Qb7 Qd5 23. Qc7 Rc8 24. Qf4 Nh5 25. Qe3 Nxg3 26. Qxg3 Qh5 27. Nf5 exf5 28. Rxd7 Bf6 29. Rd5 g6 30. Rd6 Bg7 31. Rxa6 Rfe8 32. Rf1 Qe2 33. Bb3 Qxb2 34. Bxf7 Rf8 35. Bb3 Qxc3 36. Qd6 Qe5 37. Qd2 Rfd8 38. Qa5 Qc5 39. h3 Bc3 40. Qb6 Qxb6 41. Rxb6 Rb8 42. Rxb8 Rxb8 43. Rd1 Kg7 44. Rd7+ Kh6 45. h4 f4 46. Kh2 Rf8 47. g3 fxg3+ 48. Kxg3 Be5+ 49. Kg2 Rf4 50. Kh3 Bf6 51. Kg2 Rxh4 52. Rd5 b4 53. Rb5 Bc3 54. Rc5 Rg4+ 55. Kf3 Rg5 56. Rc4 Rf5+ 57. Rf4 Re5 58. Rh4+ Kg7 59. Rf4 Re7 60. Rc4 h5 61. Rc8 Kh6 62. Rh8+ Kg5 63. Rc8 Kh6 64. Rc6 Kg5 65. Bc2 Rg7 66. Bb3 Kh6 67. Kg2 Kh7 68. Kh3 g5 69. f3 g4+ 70. fxg4 hxg4+ 71. Kg2 g3 72. Rc4 Rg5 73. Rh4+ Kg7 74. Rf4 Be1 75. Rf7+ Kg6 76. Rf3 Re5 77. Bc4 Kg5 78. Rb3 Re4 79. Bd3 Re5 80. Rxb4 Bxb4 81. Bc4 Ba3 82. Bb3 Ra5 83. Kxg3 Kf6 84. Kf2 Ke5 85. Ke3 Kd6 86. Kd3 Kc5 87. Ke3 Bb4 88. Kd3 Ra3 89. Kc2 Ba5 90. Kd3 Kb4 91. Kc2 Bb6 92. Kd3 Ra5 93. Kc2 Rc5+ 94. Kd3 Rc3+ 95. Ke4 Kc5 96. Ke5 Re3+ 97. Kf4 Kd4 98. Kg4 Ke5 0-1

[Event "December 19 Early 2023"]
[Site "https://www.chess.com"]
[Date "2023.12.19"]
[Round "2"]
[White "Volkov, Maksim"]
[Black "Salinas Tomas, Daniel"]
[Result "1-0"]
[Board "102"]
[TimeControl "180+1"]
[WhiteFideId "54123070"]
[BlackFideId "24597716"]
[WhiteElo "2293"]
[BlackElo "2172"]
[WhiteTeam "RUS"]
[BlackTeam "ESP"]
[WhiteClock "0:00:03"]
[BlackClock "0:00:00"]

1. e4 e5 2. Nf3 Nc6 3. Bc4 Nf6 4. d3 Bc5 5. c3 d6 6. O-O O-O 7. Re1 a6 8. a4 Ba7 9. h3 h6 10. b4 Be6 11. Bxe6 fxe6 12. Nbd2 Qe8 13. Nb3 Qh5 14. b5 Ne7 15. Ra2 Nh7 16. Nh2 Qf7 17. Nf3 Ng6 18. Be3 Nf4 19. Bxf4 Qxf4 20. d4 Rf7 21. d5 Qf6 22. Nc1 Raf8 23. Nd3 exd5 24. exd5 Qg6 25. Nh4 Qg5 26. Qg4 Qxg4 27. hxg4 Ng5 28. Nf5 Kh7 29. bxa6 bxa6 30. Rb2 g6 31. Ne3 Ne4 32. c4 Bd4 33. Rbe2 Bxe3 34. fxe3 Nc3 35. Rb2 Nxa4 36. Ra2 Nb6 37. Rc1 Ra8 38. Ra5 Rff8 39. c5 dxc5 40. Raxc5 Kg8 41. e4 a5 42. Rxc7 Rf7 43. Rxf7 Kxf7 44. Nxe5+ Kf6 45. Nf3 Ke7 46. Rc6 Nd7 47. e5 a4 48. Nd4 a3 49. Nc2 a2 50. Na1 Nxe5 51. Re6+ Kd7 52. Rxe5 Rb8 53. Kh2 Rb1 54. Nc2 Rc1 55. Na1 Rxa1 56. Re2 Kd6 57. Kg3 Kxd5 58. g5 hxg5 59. Kg4 Kd4 60. Kxg5 Kd3 61. Rf2 Ke3 62. Rb2 Ke4 63. g4 1-0